[Event "28th Hit Open-A 2024"]
[Site "Nova Gorica"]
[Date "2024.01.26"]
[Round "1.19"]
[White "Ashwath, R.."]
[Black "Trybus, Daniel"]
[Result "1-0"]
[ECO "A30"]
[WhiteElo "2284"]
[BlackElo "2039"]
[Annotator "TA"]
[PlyCount "47"]
[EventDate "2024.01.22"]
[EventType "swiss"]
[EventCountry "SLO"]
[SourceTitle "playchess.com"]
[Source "ChessBase"]
[SourceQuality "1"]
[TimeControl "5400+30"]

1. Nf3 Nf6 2. c4 g6 3. b3 Bg7 4. Bb2 c5 5. g3 O-O 6. Bg2 Nc6 7. O-O b6 8. d4 cxd4 9. Nxd4 Bb7 10. Nc3 Qc8 11. Nc2 a6 12. Nd5 Nxd5 {[%emt 0:01:27] White is better.} 13. Bxg7 Ne3 14. Nxe3 Kxg7 15. Nd5 Qd8 16. Qd3 (16. Qd2 {keeps more tension.} Rb8 17. Qe3 Ba8 18. Rad1) 16... e6 17. Nc3 {[%emt 0:03:41] White is more active.} Qf6 18. Qxd7 Rab8 {[%emt 0:08:10][%cal Of8d8] [#] ...Rfd8! would now be deadly.} 19. Ne4 $36 {[%emt 0:11:46][%mdl 2048] Keeping Black busy.} (19. Bxc6 Bxc6 20. Qxc6 Qxc3 $16) 19... Qe5 {[%emt 0:00:13][%mdl 8192] A mistake that costs the game.} (19... Qe7 $16 20. Rfd1 Rfd8 21. Qxe7 Nxe7) 20. Nd6 $18 Ba8 {[%emt 0:00:40] aiming for ...Rbd8.} 21. Bxc6 Rbd8 22. Nxf7 $1 Rxf7 {[%emt 0:00:01] [#]} (22... Bxc6 23. Nxe5+ Bxd7) 23. Qxd8 Bxc6 24. Qxb6 {[%emt 0:02:11] Weighted Error Value: White=0.04 (flawless) /Black=0.90.  Loses game:     	---       	Black=1      Mistake:       	---       	Black=1      Inaccurate:     	---       	Black=2      OK:         	White=6     	Black=6      Best:        	White=3     	Black=1      Strong:       	White=1     	---} 1-0

[Event "28th Hit Open-A 2024"]
[Site "Nova Gorica"]
[Date "2024.01.26"]
[Round "1.20"]
[White "Bazilius, Augustinas"]
[Black "Perossa, Nicolas"]
[Result "0-1"]
[ECO "E71"]
[WhiteElo "2030"]
[BlackElo "2277"]
[Annotator "RC"]
[PlyCount "106"]
[EventDate "2024.01.22"]
[EventType "swiss"]
[EventCountry "SLO"]
[SourceTitle "playchess.com"]
[Source "ChessBase"]
[SourceQuality "1"]
[TimeControl "5400+30"]

1. d4 Nf6 2. c4 g6 3. Nc3 Bg7 4. e4 d6 5. h3 O-O 6. Be3 e5 7. d5 a5 8. g4 Na6 9. Nge2 c6 10. Ng3 cxd5 11. cxd5 Bd7 12. Qd2 a4 13. f3 Qa5 14. h4 Rfc8 15. h5 a3 16. Rc1 axb2 17. Qxb2 Nb4 18. Bd2 Qa3 19. Rb1 Nxa2 20. Qxa3 Rxa3 21. Nxa2 Rxa2 22. Bd3 Ra3 23. Be2 Bxg4 24. Bb4 Rxf3 25. Bxf3 Bxf3 26. O-O Bxe4 27. Rbc1 Bc2 28. Rf2 Nxd5 29. Rfxc2 Rxc2 30. Rxc2 Nxb4 31. Rc8+ Bf8 32. Ne4 d5 33. Nc5 Kg7 34. h6+ Kxh6 35. Rxf8 f5 36. Rb8 Na6 37. Nxa6 bxa6 38. Rd8 d4 39. Rd5 e4 40. Rxd4 Kg5 41. Rd7 h5 42. Rd6 a5 43. Kf2 f4 44. Ra6 h4 45. Kg2 Kf5 46. Kh3 e3 47. Kg2 g5 48. Kf3 g4+ 49. Ke2 h3 50. Rxa5+ Kg6 51. Ra8 h2 52. Rh8 g3 53. Kf3 e2 0-1

[Event "28th Hit Open-A 2024"]
[Site "Nova Gorica"]
[Date "2024.01.26"]
[Round "1.21"]
[White "Drazic, Sinisa"]
[Black "Kejzar, Petra"]
[Result "1-0"]
[ECO "D00"]
[WhiteElo "2270"]
[BlackElo "2025"]
[Annotator "RC"]
[PlyCount "67"]
[EventDate "2024.01.22"]
[EventType "swiss"]
[EventCountry "SLO"]
[SourceTitle "playchess.com"]
[Source "ChessBase"]
[SourceQuality "1"]
[TimeControl "5400+30"]

1. d4 Nf6 2. Bg5 d5 3. e3 e6 4. Nd2 c5 5. c3 Nbd7 6. f4 a6 7. Bd3 b5 8. Ngf3 Be7 9. Ne5 Bb7 10. O-O Ne4 11. Bxe7 Qxe7 12. Bxe4 dxe4 13. Nxd7 Qxd7 14. dxc5 O-O 15. Nb3 Qc7 16. Qd6 Qxd6 17. cxd6 Rac8 18. Rfd1 Rfd8 19. a4 Bd5 20. Nd4 bxa4 21. Rxa4 Rxd6 22. Nc2 Rb6 23. Rb4 Rbc6 24. Nd4 Rc4 25. Rb6 a5 26. Ra1 a4 27. Ra6 Rb8 28. R1xa4 Rxa4 29. Rxa4 Rxb2 30. c4 Bb7 31. c5 Bd5 32. c6 Rb8 33. c7 Rc8 34. Rb4 1-0

[Event "28th Hit Open-A 2024"]
[Site "Nova Gorica"]
[Date "2024.01.26"]
[Round "1.22"]
[White "Zupancic, Urban"]
[Black "Plaskan, Jure"]
[Result "1-0"]
[ECO "B42"]
[WhiteElo "2025"]
[BlackElo "2262"]
[Annotator "RC"]
[PlyCount "129"]
[EventDate "2024.01.22"]
[EventType "swiss"]
[EventCountry "SLO"]
[SourceTitle "playchess.com"]
[Source "ChessBase"]
[SourceQuality "1"]
[TimeControl "5400+30"]

1. e4 c5 2. Nf3 e6 3. d4 cxd4 4. Nxd4 a6 5. Bd3 Nf6 6. O-O e5 7. Nb3 Nc6 8. c4 d6 9. Nc3 Be6 10. Nd5 Rc8 11. f3 Be7 12. Be3 Nd7 13. Qd2 O-O 14. Rfd1 Nc5 15. Bf1 Bxd5 16. cxd5 Nxb3 17. axb3 Nd4 18. Bxd4 exd4 19. Qxd4 Rc2 20. f4 Re8 21. Re1 g6 22. Rad1 Bf8 23. Bd3 Rc7 24. Re2 Qh4 25. g3 Qg4 26. Rde1 Bg7 27. Qb6 Rec8 28. Kg2 Qd7 29. Bc4 g5 30. e5 gxf4 31. Qxd6 f3+ 32. Kxf3 Qf5+ 33. Kg2 Bf8 34. Qf6 Qxf6 35. exf6 b5 36. Bd3 Rd8 37. Re5 Rc5 38. Be4 h6 39. Re2 Bd6 40. Rh5 Bf8 41. Bf3 Rd6 42. Rf5 Rc8 43. g4 a5 44. Be4 a4 45. bxa4 bxa4 46. g5 Rb8 47. h4 Rdb6 48. Rff2 Bc5 49. Rf1 Rxb2 50. Rxb2 Rxb2+ 51. Kf3 hxg5 52. h5 Bf8 53. Rc1 Rb6 54. Rc6 Rxc6 55. dxc6 Bd6 56. Kg4 Bf4 57. h6 a3 58. Bd5 Kh7 59. Bxf7 Kxh6 60. Kf5 Bc7 61. Bd5 g4 62. Kxg4 Kg6 63. f7 Kg7 64. Kf5 Kf8 65. Ke6 1-0

[Event "28th Hit Open-A 2024"]
[Site "Nova Gorica"]
[Date "2024.01.26"]
[Round "1.23"]
[White "Dorokhina, Elizaveta"]
[Black "Zlatanovic, Marcus"]
[Result "1-0"]
[ECO "D00"]
[WhiteElo "1994"]
[BlackElo "1745"]
[Annotator "TA"]
[PlyCount "65"]
[EventDate "2024.01.22"]
[EventType "swiss"]
[EventCountry "SLO"]
[SourceTitle "playchess.com"]
[Source "ChessBase"]
[SourceQuality "1"]
[TimeControl "5400+30"]

1. d4 d5 2. Bf4 c5 3. e3 Nc6 4. c3 Nf6 5. Nd2 Bf5 6. Ngf3 e6 7. Nh4 Bg4 8. Qb3 Qc8 9. h3 {[%emt 0:02:59] White is slightly better.} Bh5 10. g4 Bg6 11. Nxg6 hxg6 12. Bg2 Be7 13. O-O O-O 14. Bg3 g5 15. f4 gxf4 16. Bxf4 Qd7 17. Qd1 Rac8 18. g5 Nh7 19. Qg4 Bd6 20. h4 Bxf4 21. Rxf4 Qe7 22. Raf1 {[%emt 0:01:12] White is more active.} (22. Rd1 {simplifies} g6 23. Qg3 Qd6 24. dxc5 Qxc5 25. Nb3) 22... e5 $2 {[%emt 0:01:49][%mdl 8192] [#] Black cannot hold the game after this.} (22... f5 $14 23. Qh5 c4) 23. Rxf7 $3 $18 {[%emt 0:00:38][%mdl 512] White is clearly winning.} Qd6 (23... Rxf7 24. Rxf7) 24. Rd7 Rxf1+ 25. Nxf1 Qg6 26. Bxd5+ Kh8 {[%emt 0:00:12] [#]} 27. Rxg7 $3 Qxg7 28. Qxc8+ Nf8 29. Ng3 {[%emt 0:02:21] Strongly threatening Nh5.} Ne7 30. Qxc5 Qh7 31. Be4 Qxh4 32. Qxe5+ Kg8 33. Kg2 {[%emt 0:01:20] Weighted Error Value: White=0.14 (very precise) /Black=0.20 (precise) .  Loses game:     	---       	Black=1      Inaccurate:     	White=2     	Black=6      OK:         	White=4     	Black=3      Brilliant:      	White=1     	---} 1-0

[Event "28th Hit Open-A 2024"]
[Site "Nova Gorica"]
[Date "2024.01.26"]
[Round "1.24"]
[White "Barbir, Petar"]
[Black "Pirs, Matjaz"]
[Result "0-1"]
[ECO "C47"]
[WhiteElo "1738"]
[BlackElo "1965"]
[Annotator "TA"]
[PlyCount "78"]
[EventDate "2024.01.22"]
[EventType "swiss"]
[EventCountry "SLO"]
[SourceTitle "playchess.com"]
[Source "ChessBase"]
[SourceQuality "1"]
[TimeControl "5400+30"]

1. e4 e5 2. Nf3 Nf6 3. Nc3 Nc6 4. g3 Bc5 5. Bg2 d6 6. h3 O-O 7. O-O h6 8. Kh2 Be6 {[%emt 0:00:53] Black has an edge.} 9. d3 d5 10. exd5 Nxd5 11. Qe2 f6 12. Ne4 Bb6 13. c4 Nde7 14. c5 f5 ({Better is} 14... Ba5 $15) 15. cxb6 fxe4 16. bxc7 (16. dxe4 {simplifies} axb6 17. b3 Qe8 18. Qb2) 16... Qxd3 17. Qxd3 exd3 18. Be3 Bd5 19. Ne1 e4 20. f3 (20. Rd1 {keeps more tension.} Rac8 21. f3 exf3 22. Bxf3 Bxa2 23. Bf4) 20... exf3 21. Bxf3 Bxf3 22. Rxf3 Rxf3 23. Nxf3 Nd5 24. Bf4 Nxf4 25. gxf4 $11 {[%emt 0:00:08][%mdl 4096] Endgame. KRN-KRN} Rc8 26. Rd1 Rxc7 27. Rxd3 Nb4 28. Rd8+ Kh7 29. a3 Nc2 30. Rd3 b5 31. Kg2 a5 32. Kf2 a4 33. Ke2 b4 34. Kd2 b3 {[%emt 0:01:03][%cal Oc2a3] And now ...Nxa3! would win.} 35. Rc3 {[%emt 0:10:49] [#]} (35. Rd5 $11 {keeps the balance.}) 35... Rd7+ $1 $17 36. Rd3 Rf7 37. Nd4 (37. Ke2 $17) 37... Rxf4 $19 38. Nxc2 (38. Nxb3 axb3 39. Rxb3 Rf2+ (39... Nd4 $2 40. Rb4 $19) 40. Kd1) 38... Rf2+ ({Not} 38... bxc2 39. Kxc2 Kg6 40. Rg3+ Kf6 41. b3 $11) 39. Kc3 $2 {[%emt 0:00:07] [#]} (39. Kd1 $19 Rxc2 40. Rd4) 39... bxc2 {[%emt 0:00:14] Weighted Error Value: White=0.44/Black=0.07 (flawless) .  Mistake:       	White=4     	Black=1      Inaccurate:     	White=2     	Black=1      OK:         	White=10    	Black=12     Best:        	---       	Black=3      Strong:       	---       	Black=1} (39... Rxc2+ $2 40. Kb4 Rxb2 41. Kxa4 $17) 0-1

[Event "28th Hit Open-A 2024"]
[Site "Nova Gorica"]
[Date "2024.01.26"]
[Round "1.25"]
[White "Cziko, Eduard-Carol"]
[Black "Vicic, Mark"]
[Result "1/2-1/2"]
[ECO "B13"]
[WhiteElo "1946"]
[BlackElo "1729"]
[Annotator "TA"]
[PlyCount "57"]
[EventDate "2024.01.22"]
[EventType "swiss"]
[EventCountry "SLO"]
[SourceTitle "playchess.com"]
[Source "ChessBase"]
[SourceQuality "1"]
[TimeControl "5400+30"]

1. e4 c6 2. d4 d5 3. exd5 cxd5 4. Bd3 Nc6 5. c3 Nf6 6. Bf4 Bg4 7. Qb3 Qd7 8. Nd2 e6 9. Ngf3 Bd6 10. Bxd6 Qxd6 11. O-O O-O 12. Rae1 Qc7 13. a3 {[%emt 0:02:43] White is slightly better.} Rac8 14. Ne5 Bh5 15. Ndf3 Nd7 16. Nxc6 (16. Nxd7 $14 Qxd7 17. Re3) 16... bxc6 $11 17. Ne5 c5 {[%emt 0:02:27] [#] White must now prevent ...c4.} 18. Nxd7 Qxd7 19. dxc5 Rxc5 20. Qc2 Bg6 21. Bxg6 hxg6 22. Qd2 Rb8 23. h4 Qa4 24. h5 gxh5 $17 25. Re5 Rc4 (25... Qg4 $17 26. f3 Qg6) 26. Rxh5 $11 {[%emt 0:03:10] The position is equal.} Rh4 27. Rxh4 Qxh4 28. g3 Qc4 29. Rb1 {[%emt 0:08:31] Weighted Error Value: White=0.11 (very precise) /Black=0.17 (very precise) .  Mistake:       	White=2     	Black=1      Inaccurate:     	White=1     	Black=1      OK:         	White=6     	Black=3      Best:        	White=1     	Black=1} 1/2-1/2

[Event "28th Hit Open-A 2024"]
[Site "Nova Gorica"]
[Date "2024.01.26"]
[Round "1.26"]
[White "Petrosino, Germano"]
[Black "Labrovic, Jakov"]
[Result "1-0"]
[ECO "E70"]
[WhiteElo "1715"]
[BlackElo "1925"]
[Annotator "NA RC"]
[PlyCount "47"]
[EventDate "2024.01.22"]
[EventType "swiss"]
[EventCountry "SLO"]
[SourceTitle "playchess.com"]
[Source "ChessBase"]
[SourceQuality "1"]
[TimeControl "5400+30"]

1. d4 Nf6 2. c4 e6 3. Nc3 c5 4. d5 d6 5. e4 g6 6. Bd3 Bg7 7. Nge2 exd5 8. exd5 O-O 9. O-O Ng4 10. Bf4 Re8 11. h3 Ne5 12. Qd2 Na6 13. a3 Nc7 14. Ng3 a6 15. Rfe1 b5 16. cxb5 axb5 17. Bxb5 Nxb5 18. Nxb5 Qb6 19. Nc3 Ba6 20. Bxe5 Bxe5 21. Nge4 Reb8 22. Rab1 Bc8 23. Qh6 Bg7 24. Nf6+ 1-0

[Event "28th Hit Open-A 2024"]
[Site "Nova Gorica"]
[Date "2024.01.26"]
[Round "1.27"]
[White "Privitera, Franco"]
[Black "Bajec, Borut"]
[Result "1-0"]
[ECO "E07"]
[WhiteElo "1919"]
[BlackElo "1703"]
[Annotator "NA RC"]
[PlyCount "95"]
[EventDate "2024.01.22"]
[EventType "swiss"]
[EventCountry "SLO"]
[SourceTitle "playchess.com"]
[Source "ChessBase"]
[SourceQuality "1"]
[TimeControl "5400+30"]

1. d4 d5 2. Nf3 Nf6 3. c4 e6 4. g3 Be7 5. Bg2 O-O 6. O-O Nbd7 7. cxd5 exd5 8. b3 Ne4 9. Bb2 c6 10. Nfd2 Ndf6 11. Nc3 Bf5 12. f3 Nxd2 13. Qxd2 Qd7 14. Rfe1 Rfe8 15. Rad1 Rad8 16. e4 dxe4 17. fxe4 Bg4 18. Ne2 h6 19. Rc1 Nh5 20. Qa5 Bg5 21. Rcd1 Be3+ 22. Kh1 Bf2 23. Ng1 Bxe1 24. Rxe1 Nf6 25. h3 Be6 26. g4 Bd5 27. exd5 Nxd5 28. Nf3 Nf4 29. Bf1 Rxe1 30. Qxe1 Qd5 31. Qe3 g5 32. Bc4 Qd6 33. Ne5 Nd5 34. Qe4 Re8 35. Qf5 Re7 36. a4 a6 37. Bd3 Nf6 38. Ba3 Qd5+ 39. Kh2 Re6 40. Bc4 Rxe5 41. dxe5 Qd2+ 42. Kh1 Qe1+ 43. Kg2 Nd5 44. Qc8+ Kg7 45. Bf8+ Kh7 46. Bd3+ f5 47. Bxf5+ Kg8 48. Bb4+ 1-0

[Event "28th Hit Open-A 2024"]
[Site "Nova Gorica"]
[Date "2024.01.26"]
[Round "1.28"]
[White "Guid, Taja"]
[Black "Orsatti, Marcello"]
[Result "0-1"]
[ECO "B31"]
[WhiteElo "1698"]
[BlackElo "1918"]
[Annotator "RC"]
[PlyCount "144"]
[EventDate "2024.01.22"]
[EventType "swiss"]
[EventCountry "SLO"]
[SourceTitle "playchess.com"]
[Source "ChessBase"]
[SourceQuality "1"]
[TimeControl "5400+30"]

1. e4 c5 2. Nc3 Nc6 3. Bb5 g6 4. Nf3 Bg7 5. Bxc6 bxc6 6. O-O Nf6 7. Re1 O-O 8. e5 Nd5 9. Nxd5 cxd5 10. d4 cxd4 11. Qxd4 e6 12. Bf4 d6 13. Rad1 Qa5 14. a3 Rb8 15. Bd2 dxe5 16. Bxa5 exd4 17. Bb4 Re8 18. Nxd4 Bd7 19. f4 Rec8 20. Bc3 Rc4 21. Rd3 Rbc8 22. Re2 Bf8 23. Be1 Bg7 24. c3 R4c7 25. Rdd2 a5 26. Bf2 a4 27. Nc2 Bb5 28. Re1 Bc4 29. Nb4 Bf8 30. Bd4 Bc5 31. Bxc5 Rxc5 32. Kf2 R5c7 33. Re3 h5 34. g3 Kg7 35. h3 Rd7 36. Re1 Rd6 37. Rd4 Bb3 38. Re2 Bc4 39. Re1 Rcd8 40. Red1 f6 41. Re1 Kf7 42. Kg2 Re8 43. g4 hxg4 44. hxg4 e5 45. fxe5 fxe5 46. Rd2 Kf6 47. Kg3 Kg5 48. Nc2 Rf6 49. Ne3 Rf4 50. Rg2 Bb3 51. Kh2 d4 52. cxd4 exd4 53. Nc2 Rxe1 54. Nxe1 Bd5 55. Rd2 Kxg4 56. Nc2 Kf3 57. Rg2 d3 58. Ne1+ Ke4 59. Rd2 Bc4 60. Kg3 Rf1 61. Ng2 Rc1 62. Rf2 g5 63. Kg4 Rc2 64. Kg3 Rxf2 65. Kxf2 d2 66. Ne3 Bb3 67. Ke2 d1=Q+ 68. Nxd1 Bxd1+ 69. Kxd1 Kd3 70. Kc1 g4 71. b4 axb3 72. a4 Kc4 0-1

[Event "28th Hit Open-A 2024"]
[Site "Nova Gorica"]
[Date "2024.01.26"]
[Round "1.29"]
[White "Capaliku, Aleks"]
[Black "Gratton, Damjan"]
[Result "1-0"]
[ECO "B09"]
[WhiteElo "1913"]
[BlackElo "1691"]
[Annotator "RC"]
[PlyCount "105"]
[EventDate "2024.01.22"]
[EventType "swiss"]
[EventCountry "SLO"]
[SourceTitle "playchess.com"]
[Source "ChessBase"]
[SourceQuality "1"]
[TimeControl "5400+30"]

1. f4 d6 2. e4 Nf6 3. Nc3 c6 4. d4 g6 5. Nf3 Bg7 6. Be2 Qa5 7. O-O O-O 8. h3 Nbd7 9. e5 Ne8 10. Ne4 f5 11. Neg5 Nb8 12. h4 h6 13. Nh3 Be6 14. c4 Nd7 15. Nf2 Rd8 16. Bd2 Qc7 17. h5 Bf7 18. hxg6 Bxg6 19. Nh4 Bh7 20. Bh5 e6 21. Qe2 Nb6 22. exd6 Qd7 23. c5 Nd5 24. Bxe8 Qxe8 25. Nf3 Kh8 26. Rae1 Rf6 27. Ne5 Bg6 28. Qf3 Kh7 29. Qh3 b6 30. b4 Rf8 31. d7 Rxd7 32. Nxd7 Qxd7 33. Qd3 Rd8 34. Nd1 Nf6 35. Bc3 Ne4 36. Bb2 Qd5 37. Nf2 Qxa2 38. Re2 Qd5 39. Ra1 Rd7 40. cxb6 axb6 41. Nxe4 fxe4 42. Qe3 Qc4 43. Ra8 Qxb4 44. Bc3 Qxc3 45. Qxc3 Bxd4+ 46. Qxd4 Rxd4 47. Rc8 Rd6 48. Rc7+ Kg8 49. Ra2 Be8 50. Ra8 Kf8 51. Rcc8 e3 52. Rxe8+ Kf7 53. Kf1 1-0

[Event "28th Hit Open-A 2024"]
[Site "Nova Gorica"]
[Date "2024.01.26"]
[Round "1.30"]
[White "Papler, Peter"]
[Black "Horvath, Andras"]
[Result "0-1"]
[ECO "B22"]
[WhiteElo "1691"]
[BlackElo "1901"]
[Annotator "NA COMBH RC"]
[PlyCount "89"]
[EventDate "2024.01.22"]
[EventType "swiss"]
[EventCountry "SLO"]
[SourceTitle "playchess.com"]
[Source "ChessBase"]
[SourceQuality "1"]
[TimeControl "5400+30"]

1. d3 d5 2. Nf3 Nf6 3. c3 c5 4. Qc2 Nc6 5. e4 dxe4 6. dxe4 Bg4 7. Be2 e6 8. Bg5 Be7 9. Nbd2 O-O 10. O-O Qc7 11. Rfe1 Rfd8 12. Rad1 a6 13. h3 Bh5 14. Nf1 Bg6 15. Ng3 h6 16. Bd2 Bd6 17. Qc1 Bxg3 18. fxg3 Nxe4 19. Bf4 e5 20. Bd3 exf4 21. Bxe4 Bxe4 22. Rxe4 Rxd1+ 23. Qxd1 fxg3 24. Qe1 Rd8 25. Rg4 Ne5 26. Nxe5 Qxe5 27. Qxg3 Qxg3 28. Rxg3 Rd2 29. b4 cxb4 30. cxb4 Rxa2 31. Rb3 b6 32. Kh2 g6 33. Kg3 Kg7 34. Kf3 Rd2 35. g3 Rd5 36. Ke4 Rb5 37. Kd4 a5 38. Kc4 Rxb4+ 39. Rxb4 axb4 40. Kxb4 Kf6 41. Kb5 Ke5 42. Kxb6 f5 43. Kc5 f4 44. gxf4+ Kxf4 {[%emt 0:00:02] Check Result:-#16} 45. Kd4 0-1

[Event "28th Hit Open-A 2024"]
[Site "Nova Gorica"]
[Date "2024.01.26"]
[Round "1.31"]
[White "Hozjan, Erik"]
[Black "Zlatanovic, Srdjan"]
[Result "1/2-1/2"]
[ECO "B23"]
[WhiteElo "1897"]
[BlackElo "1675"]
[Annotator "NA COMBH"]
[PlyCount "76"]
[EventDate "2024.01.22"]
[EventType "swiss"]
[EventCountry "SLO"]
[SourceTitle "playchess.com"]
[Source "ChessBase"]
[SourceQuality "1"]
[TimeControl "5400+30"]

1. e4 c5 2. Nc3 a6 3. a4 b6 4. Bc4 d6 5. f4 Nd7 6. Qh5 Nh6 7. f5 Ne5 8. Bd5 g6 9. Qh4 Ra7 10. d4 cxd4 11. Bxh6 dxc3 12. bxc3 Bxh6 13. Qxh6 Qc7 14. Ne2 gxf5 15. Qg7 Rf8 16. Qxh7 e6 17. Bb3 fxe4 18. Rd1 Qc5 19. Rd4 b5 20. O-O Ng4 21. h3 e5 22. hxg4 exd4 23. cxd4 Qg5 24. Qxe4+ Qe7 25. Qc6+ Qd7 26. axb5 axb5 27. Qd5 Qe7 28. Qxb5+ Kd8 29. Qb6+ Ke8 30. Re1 Rh8 31. Kf2 Qf6+ 32. Nf4+ Re7 33. Ba4+ Kf8 34. Qd8+ Kg7 35. Qxe7 Qxf4+ 36. Ke2 Ba6+ 37. Kd1 Qxd4+ 38. Kc1 Qxa4 1/2-1/2

[Event "28th Hit Open-A 2024"]
[Site "Nova Gorica"]
[Date "2024.01.26"]
[Round "1.32"]
[White "Vodnik, Val"]
[Black "Kukushkin, Ivan"]
[Result "0-1"]
[ECO "E04"]
[WhiteElo "1661"]
[BlackElo "1890"]
[Annotator "NA COMBH"]
[PlyCount "120"]
[EventDate "2024.01.22"]
[EventType "swiss"]
[EventCountry "SLO"]
[SourceTitle "playchess.com"]
[Source "ChessBase"]
[SourceQuality "1"]
[TimeControl "5400+30"]

1. d4 Nf6 2. c4 e6 3. Nf3 d5 4. g3 dxc4 5. Bg2 c6 6. O-O b5 7. b3 cxb3 8. axb3 Bb7 9. Bg5 Be7 10. Nc3 Nd5 11. Bxe7 Nxe7 12. Ne4 Qc7 13. Nc5 Nd7 14. Nxb7 Qxb7 15. Qd3 h6 16. Rfc1 O-O 17. Nd2 Nf6 18. Rc5 Rfd8 19. Rac1 Rac8 20. Ne4 Nxe4 21. Bxe4 Qb6 22. Qc3 Rd6 23. b4 Nd5 24. Bxd5 exd5 25. Qd3 a6 26. Ra1 Ra8 27. Qc3 Re6 28. e3 Rd6 29. Kg2 Qb7 30. Rc1 Rc8 31. Kg1 h5 32. h4 Qd7 33. Qd2 Qh3 34. Qd1 Qf5 35. R1c2 Rg6 36. Kg2 Rf6 37. Ra2 Re8 38. Qc2 Qf3+ 39. Kg1 Rg6 40. Qe2 Qf5 41. Kh2 Rf6 42. Qc2 Qc8 43. Qe2 Rf5 44. Qc2 Re4 45. Rxc6 Rxf2+ 46. Qxf2 Qxc6 47. Rc2 Qd7 48. Qf3 Qe6 49. Rc3 g6 50. Qf2 Qe7 51. Rb3 Qc7 52. Kg2 Re6 53. Rb2 Rc6 54. Qd2 Rc1 55. Ra2 Qc4 56. Qf2 Qd3 57. Qf4 Qd1 58. Qb8+ Kh7 59. Qf4 Qh1+ 60. Kf2 Qf1# 0-1

[Event "28th Hit Open-A 2024"]
[Site "Nova Gorica"]
[Date "2024.01.26"]
[Round "1.33"]
[White "Atakay, Mustafa"]
[Black "Mazzi, Leonardo"]
[Result "0-1"]
[ECO "E09"]
[WhiteElo "1889"]
[BlackElo "1647"]
[Annotator "NA COMBH"]
[PlyCount "92"]
[EventDate "2024.01.22"]
[EventType "swiss"]
[EventCountry "SLO"]
[SourceTitle "playchess.com"]
[Source "ChessBase"]
[SourceQuality "1"]
[TimeControl "5400+30"]

1. d4 d5 2. c4 e6 3. g3 Nf6 4. Bg2 Be7 5. Nf3 O-O 6. Qc2 Nbd7 7. O-O c6 8. Bf4 Nh5 9. Bc1 Nhf6 10. Nbd2 b6 11. e4 dxc4 12. Nxc4 Bb7 13. Bg5 c5 14. e5 Ne8 15. h4 h6 16. Be3 cxd4 17. Bxd4 Rc8 18. Qe2 Qc7 19. Rac1 Qb8 20. Rfd1 Nc5 21. b4 Na6 22. a3 Rd8 23. Bb2 Nac7 24. Nd4 Bxg2 25. Kxg2 Nd5 26. Kg1 Qb7 27. f4 g6 28. Rf1 Ng7 29. Qf2 h5 30. Qf3 Rd7 31. Kf2 Rfd8 32. Rc2 Qa8 33. Nd2 Bf8 34. Rfc1 a5 35. Nc6 Re8 36. b5 Nf5 37. Ne4 Nfe3 38. Rd2 Nf5 39. Rxd5 Rxd5 40. Nf6+ Kg7 41. Nxd5 exd5 42. Qxd5 Bc5+ 43. Kf3 Kg8 44. Re1 Qc8 45. Re2 Nxh4+ 46. gxh4 Qh3+ 0-1

[Event "28th Hit Open-A 2024"]
[Site "Nova Gorica"]
[Date "2024.01.26"]
[Round "1.34"]
[White "Deschi, Leonardo Simone"]
[Black "Kekic, Urban"]
[Result "1/2-1/2"]
[ECO "B13"]
[WhiteElo "1639"]
[BlackElo "1885"]
[Annotator "NA COMBH"]
[PlyCount "102"]
[EventDate "2024.01.22"]
[EventType "swiss"]
[EventCountry "SLO"]
[SourceTitle "playchess.com"]
[Source "ChessBase"]
[SourceQuality "1"]
[TimeControl "5400+30"]

1. e4 c6 2. d4 d5 3. exd5 cxd5 4. c4 Nf6 5. Nc3 Nc6 6. Nf3 Bg4 7. cxd5 Nxd5 8. Qb3 Bxf3 9. gxf3 e6 10. Qxb7 Nxd4 11. Bb5+ Nxb5 12. Qxb5+ Qd7 13. Qxd7+ Kxd7 14. Nxd5 exd5 15. Be3 Bb4+ 16. Ke2 Rhc8 17. Rac1 Bd6 18. Rhd1 Rxc1 19. Rxc1 Rb8 20. Bd4 g6 21. Kd3 a6 22. b3 h5 23. h3 Rb4 24. Kc3 Rb8 25. Kd3 Rb7 26. Rc2 Rb8 27. Rc1 Re8 28. Be3 Rb8 29. Bd2 Rb5 30. Rc2 Be7 31. Rc1 Ba3 32. Rc2 Be7 33. Rc1 Bc5 34. Be3 Be7 35. Bd2 Bh4 36. Be3 Be7 37. Bd2 Bd8 38. Rc2 Bh4 39. Be3 Be7 40. Bd2 Bd8 41. Rc1 Be7 42. Rc2 Bd8 43. Rc1 Bh4 44. Be3 Be7 45. Bd2 Ba3 46. Rc2 Be7 47. Rc1 Bd8 48. Rc2 Bh4 49. Be3 Be7 50. Bd2 Bh4 51. Be3 $11 Be7 1/2-1/2

[Event "28th Hit Open-A 2024"]
[Site "Nova Gorica"]
[Date "2024.01.26"]
[Round "1.35"]
[White "Veselic, Maks"]
[Black "Gergolet, Jan"]
[Result "1-0"]
[ECO "B22"]
[WhiteElo "1874"]
[BlackElo "1632"]
[Annotator "NA RC COMBH"]
[PlyCount "69"]
[EventDate "2024.01.22"]
[EventType "swiss"]
[EventCountry "SLO"]
[SourceTitle "playchess.com"]
[Source "ChessBase"]
[SourceQuality "1"]
[TimeControl "5400+30"]

1. e4 c5 2. Nf3 Nc6 3. c3 d5 4. exd5 Qxd5 5. d4 Nf6 6. Be3 cxd4 7. cxd4 Qa5+ 8. Nc3 g6 9. Bc4 Bg7 10. O-O O-O 11. h3 Qb4 12. Qe2 Na5 13. Bd3 Be6 14. a3 Qd6 15. Ne5 Nb3 16. Rad1 a6 17. Bc2 Rac8 18. d5 Qxe5 19. Bxb3 Bd7 20. Qd2 Qh5 21. Bf4 Rfd8 22. Rde1 Be6 23. Re5 Qh4 24. Bg5 Bh6 25. Bxh4 Bxd2 26. dxe6 Bxc3 27. exf7+ Kf8 28. bxc3 Rxc3 29. Bxf6 exf6 30. Re3 Rxe3 31. fxe3 Rd3 32. Bc4 Rc3 33. Bd5 Rd3 34. e4 f5 35. Rc1 1-0

[Event "28th Hit Open-A 2024"]
[Site "Nova Gorica"]
[Date "2024.01.26"]
[Round "1.36"]
[White "Mihelj, Edvard"]
[Black "Budai, Federico"]
[Result "0-1"]
[ECO "C24"]
[WhiteElo "1618"]
[BlackElo "1861"]
[Annotator "NA RC COMBH"]
[PlyCount "90"]
[EventDate "2024.01.22"]
[EventType "swiss"]
[EventCountry "SLO"]
[SourceTitle "playchess.com"]
[Source "ChessBase"]
[SourceQuality "1"]
[TimeControl "5400+30"]

1. e4 e5 2. Bc4 Nc6 3. a3 Nf6 4. d3 Bc5 5. h3 d6 6. Nf3 h6 7. c3 Bb6 8. Be3 Ne7 9. Nh2 c6 10. b4 a5 11. O-O axb4 12. cxb4 d5 13. exd5 cxd5 14. Bb5+ Bd7 15. Bxd7+ Nxd7 16. Bxb6 Qxb6 17. Nc3 O-O 18. Qf3 Qe6 19. Ng4 f5 20. Nh2 Nb6 21. Rfe1 e4 22. Qe2 Ng6 23. Nb5 Qd7 24. dxe4 fxe4 25. Nd4 Nc4 26. Qg4 Qxg4 27. Nxg4 Rxa3 28. Rxa3 Nxa3 29. Ra1 Nc4 30. Ra7 Rf7 31. g3 Nge5 32. Ne6 Nxg4 33. hxg4 Re7 34. Ra8+ Kf7 35. Nd4 Rc7 36. Kf1 Ne5 37. Nf5 Rd7 38. Ra5 Nxg4 39. Nd4 Ne5 40. Ke2 b6 41. Rb5 Nc4 42. Nc2 d4 43. Ne1 d3+ 44. Kd1 d2 45. Ke2 d1=Q+ 0-1